Map: Oxide LE

Players

DnS

  • Race: Protoss Protoss
  • League: Master

ShoWTimE - Winner!

  • Race: Protoss Protoss
  • League: Grandmaster

Event: DreamHack SC2 Masters 2021 Summer

VOD

Have the link to the VOD?

Description

Time

  • Played on: June 3, 2021, 10:07 a.m.
  • Length: 10:48

All games in this series

Show
View Real Time Build Order
Export as new Build Order

DnS Protoss 

Build Orders: Phoenix Opening, Blink Stalkers 

Get SALT Encoding   

  12  0:00  Probe  
  13  0:12  Probe  
  14  0:19  Pylon  
  14  0:24  Probe  
  15  0:37  Probe (Chrono Boost)  
  15  0:41  Gateway  
  16  0:47  Probe (Chrono Boost), Assimilator  
  17  0:51  Probe (Chrono Boost)  
  18  1:03  Probe (Chrono Boost)  
  19  1:10  Assimilator  
  19  1:12  Pylon  
  19  1:15  Probe (Chrono Boost)  
  20  1:20  Probe (Chrono Boost)  
  21  1:27  Cybernetics Core  
  21  1:31  Probe  
  21  1:32  Zealot  
  24  1:43  Probe  
  25  1:58  Probe  
  26  2:04  Sentry (Chrono Boost)  
  26  2:05  Warp Gate  
  28  2:10  Probe  
  29  2:16  Nexus  
  29  2:22  Probe  
  30  2:28  Pylon  
  30  2:30  Phoenix  
  30  2:37  Probe  
  30  2:38  Gateway  
  31  2:47  Sentry  
  31  2:49  Probe  
  34  2:53  Twilight Council  
  34  3:01  Probe  
  35  3:06  Pylon  
  35  3:15  Sentry  
  35  3:18  Probe (Chrono Boost)  
  38  3:23  Forge  
  39  3:28  Probe (Chrono Boost)  
  39  3:30  Probe (Chrono Boost)  
  40  3:36  Blink (Chrono Boost)  
  40  3:37  Probe x2 (Chrono Boost)  
  42  3:42  Probe (Chrono Boost)  
  42  3:44  Probe  
  44  3:52  Protoss Ground Weapons Level 1 (Chrono Boost)  
  44  3:54  Probe  
  45  3:56  Probe  
  45  3:59  Adept x2  
  45  4:02  Pylon  
  50  4:06  Probe  
  50  4:07  Assimilator  
  50  4:08  Probe  
  52  4:18  Probe  
  52  4:20  Probe  
  52  4:21  Shield Battery  
  52  4:22  Stalker  
  56  4:27  Stalker  
  53  4:32  Probe  
  53  4:34  Probe  
  55  4:44  Probe  
  54  4:46  Probe  
  54  4:48  Stalker  
  55  4:56  Probe  
  55  4:59  Probe  
  57  5:00  Robotics Facility  
  57  5:02  Phoenix, Nexus  
  57  5:03  Stalker  
  57  5:04  Pylon  
  59  5:08  Probe  
  59  5:10  Gateway  
  59  5:11  Probe  
  61  5:14  Gateway  
  61  5:16  Sentry  
  61  5:20  Probe  
  64  5:23  Probe  
  64  5:27  Pylon  
  65  5:30  Stalker  
  65  5:32  Probe  
  65  5:35  Probe  
  69  5:36  Gateway  
  69  5:37  Gateway  
  69  5:40  Phoenix  
  69  5:44  Probe  
  69  5:47  Probe  
  71  5:51  Immortal (Chrono Boost), Stalker  
  71  5:56  Probe  
  78  5:59  Probe  
  78  6:04  Stalker  
  81  6:06  Stalker  
  81  6:08  Probe  
  81  6:10  Pylon  
  84  6:13  Stalker  
  86  6:21  Probe  
  87  6:29  Stalker x2  
  87  6:33  Stalker x3  
  87  6:36  Stalker  
  88  6:40  Probe x2  
  88  6:42  Shield Battery  
  88  6:45  Observer, Probe, Protoss Ground Weapons Level 2 (Chrono Boost)  
  90  6:52  Probe  
  91  6:55  Probe  
  91  6:57  Probe  
  91  7:00  Charge (Chrono Boost)  
  91  7:04  Probe  
  91  7:05  Assimilator  
  91  7:08  Probe, Gateway x2  
  93  7:10  Probe  
  93  7:11  Assimilator  
  94  7:18  Zealot x3  
  94  7:21  Pylon  
  94  7:22  Pylon  
  100  7:32  Pylon  
  100  7:36  Templar Archives  
  100  7:39  Zealot x3  
  100  7:40  Zealot x3  
  112  7:48  Probe  
  112  7:50  Probe  
  108  7:52  Probe  
  108  7:54  Pylon  
  108  7:55  Pylon  
  109  8:00  Probe  
  109  8:04  Zealot x3  
  116  8:10  Nexus, Pylon x2  
  116  8:13  Pylon  
  116  8:15  High Templar x2  
  120  8:20  Archon  
  120  8:23  High Templar x2  
  120  8:24  Zealot x3  
  120  8:25  Zealot  
  132  8:29  Archon  
  132  8:30  Pylon  
  132  8:31  Immortal  
  134  8:48  High Templar x2  
  134  8:49  Zealot x4  
  134  8:52  Photon Cannon  
  134  8:53  Archon  
  146  8:56  Zealot x2  
  146  9:01  Gateway  
  150  9:03  Gateway  
  136  9:10  Zealot x4  
  112  9:17  Zealot  
  112  9:18  Zealot  
  112  9:23  Zealot x2  
  95  9:32  High Templar x2  
  95  9:33  Zealot x2  
  95  9:37  Archon  
  101  9:39  Immortal (Chrono Boost)  
  101  9:40  High Templar x2  
  101  9:45  Archon  
  107  9:47  Zealot x2  
  111  9:58  Zealot x4  
  115  10:05  High Templar x2  
  119  10:10  Archon  
  119  10:11  Zealot x2  
  119  10:13  Zealot x2  
  120  10:21  Zealot x4  
  106  10:31  Zealot x2  
  102  10:36  High Templar x2  
  102  10:39  Zealot  
  102  10:40  Archon, Zealot  
  94  10:42  Zealot  
  94  10:43  Zealot x3  
Show
View Real Time Build Order
Export as new Build Order

ShoWTimE Protoss - Winner!

Build Orders: Phoenix Opening, Blink Stalkers 

Get SALT Encoding   

  12  0:00  Probe  
  13  0:12  Probe  
  14  0:17  Pylon  
  14  0:24  Probe (Chrono Boost)  
  15  0:36  Probe (Chrono Boost)  
  15  0:37  Gateway  
  16  0:45  Probe (Chrono Boost)  
  16  0:46  Assimilator  
  17  0:50  Probe  
  18  0:57  Assimilator  
  18  1:03  Probe (Chrono Boost)  
  19  1:07  Pylon  
  19  1:14  Probe (Chrono Boost)  
  20  1:18  Probe (Chrono Boost)  
  20  1:24  Cybernetics Core  
  21  1:29  Probe  
  21  1:31  Zealot  
  24  1:41  Probe  
  25  1:53  Probe  
  26  2:01  Sentry (Chrono Boost), Warp Gate  
  28  2:05  Probe, Pylon  
  29  2:17  Probe  
  30  2:24  Sentry (Chrono Boost)  
  30  2:28  Nexus  
  32  2:31  Probe  
  32  2:34  Phoenix  
  33  2:40  Gateway  
  33  2:44  Probe  
  33  2:48  Sentry  
  36  2:56  Probe  
  37  2:59  Pylon  
  37  3:05  Twilight Council  
  37  3:09  Probe (Chrono Boost)  
  39  3:21  Probe (Chrono Boost)  
  39  3:27  Probe (Chrono Boost)  
  39  3:30  Phoenix  
  39  3:32  Forge  
  40  3:38  Probe (Chrono Boost)  
  40  3:41  Probe (Chrono Boost)  
  42  3:43  Blink  
  43  3:50  Probe (Chrono Boost)  
  43  3:51  Probe (Chrono Boost)  
  43  3:53  Adept x2  
  43  3:55  Probe (Chrono Boost)  
  48  3:59  Probe, Protoss Ground Weapons Level 1 (Chrono Boost)  
  50  4:07  Probe  
  51  4:10  Robotics Facility  
  51  4:11  Probe  
  51  4:12  Assimilator  
  52  4:19  Probe  
  52  4:23  Probe  
  54  4:30  Phoenix  
  54  4:31  Probe, Pylon  
  54  4:32  Stalker x2  
  54  4:35  Probe, Pylon  
  56  4:47  Probe  
  56  4:52  Gateway x2  
  57  4:54  Nexus  
  57  4:58  Observer  
  57  5:01  Stalker  
  57  5:03  Stalker  
  61  5:10  Probe  
  61  5:11  Probe  
  61  5:12  Pylon  
  61  5:13  Phoenix  
  63  5:16  Warp Prism (Chrono Boost)  
  65  5:26  Stalker x2  
  69  5:29  Pylon  
  69  5:33  Probe  
  69  5:34  Probe  
  71  5:47  Stalker  
  71  5:48  Stalker  
  71  5:49  Stalker x2  
  79  5:52  Probe x2  
  81  5:57  Pylon  
  81  6:04  Probe  
  81  6:05  Probe  
  83  6:11  Probe  
  83  6:13  Stalker x4  
  83  6:16  Pylon  
  83  6:17  Probe  
  93  6:19  Probe  
  93  6:24  Probe  
  95  6:29  Probe  
  96  6:35  Protoss Ground Weapons Level 2 (Chrono Boost)  
  92  6:40  Stalker x4  
  92  6:43  Probe x3  
  59  6:54  Charge  
  96  6:56  Gateway x2  
  96  6:58  Gateway  
  96  6:59  Probe  
  96  7:03  Shield Battery  
  96  7:06  Gateway  
  96  7:07  Probe  
  97  7:13  Zealot x4  
  105  7:19  Immortal (Chrono Boost)  
  109  7:28  Pylon  
  109  7:32  Nexus  
  109  7:38  Phoenix  
  109  7:39  Pylon  
  109  7:52  Zealot x6  
  109  7:55  Templar Archives, Immortal  
  125  8:01  Pylon  
  125  8:05  Shield Battery  
  125  8:07  Pylon  
  125  8:09  Gateway  
  125  8:11  Gateway  
  125  8:18  Pylon  
  125  8:22  Zealot x3  
  125  8:23  Zealot x2  
  135  8:33  High Templar x2, Zealot  
  141  8:35  Pylon  
  141  8:38  Archon  
  140  8:50  Zealot x5  
  140  8:54  Pylon  
  140  8:55  Observer, Zealot  
  141  9:12  Zealot x2  
  141  9:13  Zealot x7  
  119  9:35  High Templar x2  
  119  9:36  Zealot x7  
  119  9:37  Zealot  
  139  9:40  Archon, Pylon  
  139  9:49  Photon Cannon  
  139  10:00  Zealot x8  
  155  10:08  Zealot x2  
  144  10:23  Zealot x3  
  144  10:24  Zealot x3  
  144  10:27  Zealot x2  
  128  10:40  Zealot x2  
  132  10:45  Zealot x6  
Tags
 
Add a new tag
Caveats
  • Supply blocks, unpowered buildings, or Contaminate may cause inaccurate times.
  • Supply counts are checked every 10 seconds.